[Event "*** Titled Tuesday Blitz"]
[Site "Chess.com"]
[Date "2020.04.28"]
[Round "5"]
[White "Khayala13"]
[Black "awesomevishesh"]
[Result "0-1"]
[WhiteElo "2332"]
[BlackElo "2522"]
[TimeControl "180+1"]
[EndTime "10:55:29 PDT"]
[Termination "awesomevishesh won by checkmate"]

1. e4 c5 2. c3 Nf6 3. e5 Nd5 4.
Nf3 d6 5. Bc4 Nb6 6. Bb3 c4 7. Bc2 Bg4 8. O-O Nc6 9. h3 Bxf3 10.
Qxf3 dxe5 11. a4 e6 12. a5 Nd5 13. Na3 Bxa3 14. Rxa3 O-O 15. a6 b5 16. d3 f5 17. Re1 cxd3 18. Qxd3 b4 19. Ra1 e4 20.
Qb5 Qd6 21. Rd1 Rab8 22. Qf1 bxc3 23. bxc3 Qe5 24. Ba3 Rfd8 25. c4 Nc3 26. Rxd8+ Rxd8 27. Qe1 Nd4 28. Bd1 Nce2+ 29. Bxe2 Nxe2+ 30. Kh1 f4 31. Rd1 Rxd1 32. Qxd1 f3 33. Qd8+ Kf7 34. Qf8+ Kg6 35.
Qe8+ Kh6 36. g4 Qa1+ 37. Kh2 Qg1# 0-1

[Event "*** Titled Tuesday Blitz"]
[Site "Chess.com"]
[Date "2020.04.28"]
[Round "5"]
[White "louis198"]
[Black "NotFischer"]
[Result "1-0"]
[WhiteElo "2472"]
[BlackElo "2159"]
[TimeControl "180+1"]
[EndTime "10:55:29 PDT"]
[Termination "louis198 won by resignation"]

1. d4 Nf6 2. Bf4 d5 3. e3 c5 4. Nf3 Nc6 5. c3 cxd4 6. exd4 Bg4 7. Nbd2 e6 8. Qb3 Qc8 9. Bb5 Bxf3 10. Nxf3 a6 11. Bd3 Be7 12. O-O O-O 13. h3 b5 14.
a4 Na5 15. Qd1 Nc4 16. b3 Nb2 17. Qc2 Nxd3 18. Qxd3 Qb7 19. axb5 axb5 20. Nd2 Rfc8 21. b4 Qc6 22. Nb3 Rxa1 23. Rxa1 g5 24. Bd2 Ne4 25. Nc5 Bxc5 26. dxc5 h6 27. Ra5 Rb8 28. Be1 e5 29. f3 Nf6 30. Bg3 Nd7 31. Qf5 Qe6 32. Qxe6 fxe6 33. c6 Nb6 34. Bxe5 Rc8 35. c7 Nc4 36. Rxb5 Nxe5 37. Rb8 1-0

[Event "*** Titled Tuesday Blitz"]
[Site "Chess.com"]
[Date "2020.04.28"]
[Round "5"]
[White "Gandrade2"]
[Black "Generalas"]
[Result "0-1"]
[WhiteElo "2002"]
[BlackElo "2356"]
[TimeControl "180+1"]
[EndTime "10:55:29 PDT"]
[Termination "Generalas won on time"]

1. b3 e5 2. Bb2 Nc6 3. e3 a6 4. Nf3 d6 5. d4 e4 6. Nfd2 f5 7. c4 Nf6 8. Nc3 Be7 9. Be2 O-O 10.
O-O Qe8 11. f3 Qg6 12. Qe1 Kh8 13. Nd5 Nxd5 14. cxd5 Nb4 15. fxe4 Nc2 16. Qb1 Nxe3 17. Rf2 Bh4 18. Qe1 Nxg2 19. Rxg2 Bxe1 20. Rxg6 Bxd2 21. Rg2 fxe4 22. Bc1 Bc3 23. Rb1 Bxd4+ 24. Kh1 Bh3 25. Rg3 Bf1 26. Bg4 Bd3 27. Bb2 Bxb2 28. Rxb2 Rf4 29.
Be2 Bxe2 30. Rxe2 Raf8 0-1

[Event "*** Titled Tuesday Blitz"]
[Site "Chess.com"]
[Date "2020.04.28"]
[Round "5"]
[White "FMOlexandrProhorov"]
[Black "Misticpikachu"]
[Result "1/2-1/2"]
[WhiteElo "2073"]
[BlackElo "2298"]
[TimeControl "180+1"]
[EndTime "10:55:29 PDT"]
[Termination "Game drawn - insufficient material"]

1. Nf3 d5 2. d4 e6 3. c4 Nf6 4.
Nc3 Be7 5. Bf4 O-O 6. e3 b6 7. Bd3 Bb7 8. O-O dxc4 9. Bxc4 c5 10. Qe2 Nc6 11. dxc5 Bxc5 12. Rfd1 Qe7 13. e4 Rad8 14. e5 Nh5 15. Bg5 f6 16. exf6 gxf6 17. Qxe6+ Qxe6 18. Bxe6+ Kg7 19. Bh4 Nf4 20. Bc4 Ne5 21. Nxe5 Nxg2 22.
Bg3 fxe5 23. Bxe5+ Kh6 24. Bg3 Nf4 25. Rxd8 Nh3+ 26. Kf1 Rxd8 27. Rd1 Rf8 28. Rd3 Nxf2 29. Ke2 Nxd3 30. Bxd3 Re8+ 31. Kd2 Be3+ 32. Kc2 Kg5 33.
a4 h5 34. a5 Bf4 35. Bxf4+ Kxf4 36. axb6 axb6 37. Na4 Be4 38. Nxb6 Bxd3+ 39. Kxd3 Kf3 40. Nd5 Kg2 41. Nf4+ Kxh2 42. Nxh5 Rf8 43. b4 Rf7 44. Kc4 Kh3 45. Kc5 Kg4 46. b5 Kf5 47. Ng3+ Ke6 48. Kc6 Ke7 49. Ne4 Kd8 50. b6 Rh7 51. Nd6 Rg7 52.
Nb5 Rh7 53. Na7 Rh6+ 54. Kb7 Rxb6+ 55. Kxb6 1/2-1/2

[Event "*** Titled Tuesday Blitz"]
[Site "Chess.com"]
[Date "2020.04.28"]
[Round "5"]
[White "ChessMavenYeti"]
[Black "ajian"]
[Result "0-1"]
[WhiteElo "2180"]
[BlackElo "2344"]
[TimeControl "180+1"]
[EndTime "10:55:30 PDT"]
[Termination "ajian won on time"]

1. Nf3 Nf6 2. g3 d5 3. Bg2 e6 4. O-O a6 5. d3 Be7 6. Nbd2 O-O 7.
e4 c5 8. Re1 Nc6 9. e5 Nd7 10.
Nf1 b5 11. h4 Bb7 12. N1h2 d4 13.
Bf4 Nb6 14. Ng5 Nd5 15. Qh5 h6 16. Be4 Nxf4 17. gxf4 Na5 18. Ngf3 Bxe4 19. Rxe4 Qd5 20. Ng4 f5 21. Nxh6+ gxh6 22. Qg6+ Kh8 23. Qxh6+ Kg8 24.
Qg6+ Kh8 25. Ng5 Bxg5 26. Qh5+ Kg7 27. Qxg5+ Kf7 28. Ree1 Rg8 29. h5 Rxg5+ 30. fxg5 Qf3 31. g6+ Kg7 0-1

[Event "*** Titled Tuesday Blitz"]
[Site "Chess.com"]
[Date "2020.04.28"]
[Round "5"]
[White "swimmerchess"]
[Black "MishkaFighter"]
[Result "1-0"]
[WhiteElo "2852"]
[BlackElo "2599"]
[TimeControl "180+1"]
[EndTime "10:55:31 PDT"]
[Termination "swimmerchess won by resignation"]

1. d4 Nf6 2. c4 g6 3. Nc3 d5 4. Nf3 Bg7 5. cxd5 Nxd5 6. e4 Nxc3 7. bxc3 c5 8. Rb1 O-O 9. Be2 cxd4 10. cxd4 Qa5+ 11.
Qd2 Qxd2+ 12. Bxd2 Rd8 13. d5 e6 14. Bg5 Bc3+ 15.
Kd1 Rd7 16. Kc2 Bg7 17. Rhd1 exd5 18. exd5 Rc7+ 19. Kd2 Bc3+ 20. Ke3 Bf5 21. d6 Rc5 22. Rxb7 Nc6 23. d7 Nd8 24. Rb5 Rc7 25. Rbd5 Bg7 26. Bb5 Rc3+ 27. Ke2 Rb8 28. a4 h6 29. Be7 Bf8 30. Bf6 Rc2+ 31. R1d2 Rc1 32. Nd4 Bg4+ 33. f3 Be6 34. Nxe6 fxe6 35. R5d3 Kf7 36. Bb2 Rb1 37.
Be5 Rb7 38. Rc3 Be7 39. Rc8 Rb6 40. Bc7 R6xb5 41. axb5 Nb7 42. d8=Q Nxd8 43. Bxd8 Bxd8 44. Rcxd8 Rxb5 45. R8d7+ Kf6 46. Rxa7 Ra5 47. Rxa5 1-0

[Event "*** Titled Tuesday Blitz"]
[Site "Chess.com"]
[Date "2020.04.28"]
[Round "5"]
[White "Alohamora11"]
[Black "aspired"]
[Result "0-1"]
[WhiteElo "2523"]
[BlackElo "2741"]
[TimeControl "180+1"]
[EndTime "10:55:31 PDT"]
[Termination "aspired won by resignation"]

1. e4 e5 2. Nf3 Nc6 3. Bb5 Nf6 4. O-O Nxe4 5. d4 Nd6 6. Bxc6 dxc6 7. dxe5 Nf5 8. Qxd8+ Kxd8 9. h3 a5 10. Nc3 Ke8 11.
Ne4 Be6 12. g4 Ne7 13. Nfg5 Bd5 14. Nc3 Bc4 15. Re1 h6 16. Nge4 Nd5 17. b3 Nxc3 18. bxc4 Nxe4 19. Rxe4 Bc5 20. Rb1 b6 21. Be3 Bxe3 22.
Rxe3 Ke7 23. Rd3 Rhd8 24. Kf1 Ke6 25. f4 Rxd3 26. cxd3 g5 27. fxg5 hxg5 28. Re1 a4 29. Re4 a3 30. Kf2 Ra4 31. Ke3 Rb4 32. c5 bxc5 33. Rxb4 cxb4 34. Kd4 b3 0-1

[Event "*** Titled Tuesday Blitz"]
[Site "Chess.com"]
[Date "2020.04.28"]
[Round "5"]
[White "agus_k"]
[Black "pedromartinez91"]
[Result "1-0"]
[WhiteElo "2599"]
[BlackElo "2418"]
[TimeControl "180+1"]
[EndTime "10:55:31 PDT"]
[Termination "agus_k won by resignation"]

1. e4 e5 2. Nc3 Nf6 3. f4 d5 4. fxe5 Nxe4 5. Nf3 Be7 6. d3 Nxc3 7. bxc3 c5 8. d4 Nc6 9. Be2 O-O 10. O-O Be6 11.
Qe1 f5 12. exf6 Bxf6 13. Ba3 Rc8 14. Bxc5 Re8 15. Qg3 b6 16. Bd6 Bf5 17. Bd3 Bxd3 18. cxd3 Re3 19. Rae1 Rxd3 20. Qh3 Rxc3 21. Qe6+ Kh8 22.
Ne5 Bxe5 23. dxe5 Rc2 24. Rf8+ Qxf8 25. Bxf8 Rxf8 26. Rf1 Rxf1+ 27. Kxf1 Rc1+ 28. Kf2 Rc2+ 29. Kg3 Rc3+ 30. Kf2 Rc2+ 31. Ke1 h6 32. Qc8+ Kh7 33. Qf5+ Kg8 34. e6 Rc1+ 35. Kd2 Rc5 36. Qf7+ Kh7 37. e7 Nxe7 38. Qxe7 Ra5 39. a3 d4 40. Kd3 Kg6 41.
Kxd4 Kh5 42. h3 Kg6 43. g4 Kh7 44. Ke3 Kg8 45. h4 g5 46. h5 Kh8 47. Qf8+ Kh7 48. Qf7+ Kh8 49. Qf6+ Kh7 50. Qg6+ Kh8 51. Qxh6+ 1-0

[Event "*** Titled Tuesday Blitz"]
[Site "Chess.com"]
[Date "2020.04.28"]
[Round "5"]
[White "ErikRonka"]
[Black "Bubi6"]
[Result "0-1"]
[WhiteElo "2423"]
[BlackElo "2639"]
[TimeControl "180+1"]
[EndTime "10:55:31 PDT"]
[Termination "Bubi6 won by resignation"]

1. e4 c6 2. Nf3 d5 3. d3 Nf6 4. e5 Nfd7 5. d4 c5 6. c3 Nc6 7. Be2 cxd4 8. cxd4 Nb6 9. h3 Bf5 10. Nc3 e6 11. O-O Be7 12. Be3 O-O 13. Nd2 Rc8 14.
f4 Nb4 15. g4 Bc2 16. Qc1 Bd3 17. Qd1 Nc2 18. Bxd3 Nxe3 19. Qb1 Nxf1 20. Bxh7+ Kh8 21. Nxf1 g6 22. Bxg6 fxg6 23. Qxg6 Qe8 24. Qh6+ Kg8 25. Ng3 Rf7 26. f5 exf5 27. Nxf5 Rc6 28. Qh5 Bf8 29.
Ne2 Qe6 30. Nf4 Qd7 31. Ng6 Bg7 32. Rf1 Qe6 33. Nxg7 Qxg6 34. Rxf7 Qxh5 35. Nxh5 Kxf7 36. Nf4 Rc2 37. g5 Nc4 38. h4 Ne3 39. h5 Nf5 40. g6+ Kg7 41. Nxd5 Rxb2 42. Nf6 Kh6 43. Ne8 Rd2 44. d5 Rxd5 45. e6 Re5 46. Nf6 Rxe6 47.
Ng8+ Kxh5 0-1

[Event "*** Titled Tuesday Blitz"]
[Site "Chess.com"]
[Date "2020.04.28"]
[Round "5"]
[White "mamey78"]
[Black "stoleriu"]
[Result "1-0"]
[WhiteElo "2404"]
[BlackElo "2539"]
[TimeControl "180+1"]
[EndTime "10:55:31 PDT"]
[Termination "mamey78 won by checkmate"]

1. e4 e6 2. d4 d5 3. exd5 exd5 4.
c4 c6 5. Nc3 Nf6 6. Nf3 Be7 7.
Bd3 O-O 8. cxd5 cxd5 9. h3 Nc6 10. O-O Re8 11. Bg5 h6 12. Be3 a6 13. Rc1 Be6 14.
Bb1 Rc8 15. Ne5 Qa5 16. f4 Bd7 17. a3 Bd6 18. Qd3 Rcd8 19. g4 Ne7 20. g5 Bf5 21. Qd2 Nh7 22. gxh6 gxh6 23. Kh2 Bxb1 24. Rxb1 Rf8 25. Rg1+ Kh8 26. Qg2 Nf5 27. Qg4 Bxe5 28. fxe5 Rg8 29. Qxf5 Qb6 30. Rxg8+ Rxg8 31. Nxd5 Qc6 32.
Qxf7 Qc2+ 33. Bf2 Qxb1 34. Ne7 Qe4 35. Qxg8# 1-0

[Event "*** Titled Tuesday Blitz"]
[Site "Chess.com"]
[Date "2020.04.28"]
[Round "5"]
[White "Duhless"]
[Black "Stewie_89"]
[Result "1-0"]
[WhiteElo "3093"]
[BlackElo "2633"]
[TimeControl "180+1"]
[EndTime "10:55:32 PDT"]
[Termination "Duhless won by resignation"]

1. c4 e5 2. Nc3 Nc6 3. Nf3 g6 4.
g3 Bg7 5. Bg2 d6 6. O-O f5 7. d3 Nf6 8. Rb1 a5 9. a3 O-O 10. b4 axb4 11. axb4 h6 12. b5 Ne7 13. c5 Be6 14. b6 c6 15. cxd6 Qxd6 16. Nd2 Nfd5 17.
Nc4 Qd7 18. Bb2 Nxc3 19. Bxc3 Bxc4 20. dxc4 Qe6 21. e4 Qxc4 22. Qc1 Qe6 23. Rd1 Rfd8 24. Bb4 fxe4 25. Bxe7 Qxe7 26. Bxe4 Qf6 27. Qc2 Rd4 28. Rxd4 exd4 29. Bxg6 Rd8 30. Re1 Kh8 31. Bd3 Rf8 32. f4 Rd8 33. Re4 Bf8 34. Qe2 c5 35. Re6 Qf7 36.
Qe4 Rd6 37. Re8 Kg8 38. Qe2 Kg7 39. Qe5+ Qf6 40. Qe4 Kf7 41. Bc4+ Kg7 42. Qxb7+ Kh8 43.
Qc8 Kg7 44. Qc7+ Kh8 45. b7 d3 46. Rxf8+ Qxf8 47. b8=Q 1-0

[Event "*** Titled Tuesday Blitz"]
[Site "Chess.com"]
[Date "2020.04.28"]
[Round "5"]
[White "elohunter1999"]
[Black "JonahWillow"]
[Result "0-1"]
[WhiteElo "2503"]
[BlackElo "2691"]
[TimeControl "180+1"]
[EndTime "10:55:32 PDT"]
[Termination "JonahWillow won by resignation"]

1. e4 c5 2. Nf3 Nc6 3. d4 cxd4 4. Nxd4 g6 5. c4 Nf6 6. Nc3 d6 7. f3 Nxd4 8. Qxd4 Bg7 9. Be3 O-O 10. Qd2 Be6 11. b3 Rc8 12. Rc1 Qa5 13. Bd3 a6 14.
Ne2 Qxd2+ 15. Kxd2 Nd7 16. Nf4 Nc5 17. Be2 Rfd8 18. g4 h6 19. h4 Be5 20. Nxe6 Nxe6 21. Bxh6 g5 22. Bxg5 Nxg5 23. hxg5 Bf4+ 24. Kd3 Bxc1 25.
Rxc1 Kg7 26. Rh1 Rh8 27. Rh5 Kg6 28. f4 b5 29. f5+ Kg7 30. Kd4 f6 31. g6 b4 32. Bf3 Rc5 33. Rxh8 Kxh8 34. Be2 Ra5 35. Bd3 Rxa2 36. Kd5 Rd2 37. Ke6 Kg7 38. Kxe7 Rxd3 39. g5 fxg5 40. f6+ Kxg6 41. f7 Rf3 42. f8=Q Rxf8 43.
Kxf8 g4 44. Ke7 g3 45. Kxd6 g2 46. e5 g1=Q 47. e6 Kf6 0-1

[Event "*** Titled Tuesday Blitz"]
[Site "Chess.com"]
[Date "2020.04.28"]
[Round "5"]
[White "Nara_Kh"]
[Black "Bastiandash"]
[Result "1-0"]
[WhiteElo "2462"]
[BlackElo "2021"]
[TimeControl "180+1"]
[EndTime "10:55:32 PDT"]
[Termination "Nara_Kh won on time"]

1. e4 c5 2. Nf3 e6 3. d4 cxd4 4. Nxd4 a6 5. Bd3 Bc5 6. Nb3 Be7 7. Qg4 g6 8. Qe2 d6 9. O-O Nd7 10. Nc3 Ngf6 11. Bh6 Ne5 12. h3 b5 13. f4 Nxd3 14.
Qxd3 Qb6+ 15. Kh1 Bb7 16. a3 Rc8 17. Rad1 Rc4 18. e5 Nd5 19. Nxd5 Bxd5 20. Nd4 Qb7 21.
Rd2 Rc8 22. Re1 Kd7 23. Red1 Rc7 24. Qe3 Rhc8 25. f5 gxf5 26. Nxf5 exf5 27. Rxd5 Rxc2 28. exd6 Bf6 29. Qf3 Ke8 30. Qxf5 R8c5 31. Re1+ 1-0

[Event "*** Titled Tuesday Blitz"]
[Site "Chess.com"]
[Date "2020.04.28"]
[Round "5"]
[White "Ashedu66"]
[Black "DishonorOnYourCow"]
[Result "1-0"]
[WhiteElo "2119"]
[BlackElo "2308"]
[TimeControl "180+1"]
[EndTime "10:55:32 PDT"]
[Termination "Ashedu66 won on time"]

1. d4 Nf6 2. Nf3 g6 3. c4 Bg7 4. Nc3 d5 5. Bf4 O-O 6. Rc1 Be6 7. b3 dxc4 8. e4 cxb3 9. d5 Bg4 10. Qxb3 Nbd7 11. Qxb7 Nc5 12. Qb4 Ncd7 13. Be2 Rb8 14. Qa3 Nh5 15. Be3 Ne5 16. Nxe5 Bxe2 17. Nc6 Qd7 18. Nxe2 Bb2 19. Nxb8 Rxb8 20. Qc5 Bxc1 21. Qxc1 Qa4 22. O-O Qxe4 23. Nc3 Qc4 24. Qd2 Nf6 25. Qd4 Qa6 26. h3 Qa3 27. Rd1 Rb2 28. Bg5 Rb4 29. Qd2 Qb2 30. Bxf6 1-0

[Event "*** Titled Tuesday Blitz"]
[Site "Chess.com"]
[Date "2020.04.28"]
[Round "5"]
[White "Phenix2k"]
[Black "powermove"]
[Result "1-0"]
[WhiteElo "2291"]
[BlackElo "1643"]
[TimeControl "180+1"]
[EndTime "10:55:32 PDT"]
[Termination "Phenix2k won by checkmate"]

1. d4 Nf6 2. c4 c5 3. Nf3 g6 4.
Nc3 cxd4 5. Nxd4 Bg7 6. e4 d6 7. Be3 O-O 8. f3 Nc6 9. Be2 Nxd4 10. Bxd4 Nd7 11. Bxg7 Kxg7 12. h4 Qb6 13. Qd2 h5 14. O-O-O Ne5 15. g4 Rh8 16. gxh5 Rxh5 17. f4 Ng4 18.
Nd5 Qc5 19. Bxg4 Bxg4 20. Rdg1 Qxc4+ 21. Kb1 Bf3 22. Nc3 Bxh1 23. Rxh1 b5 24. b3 Qc6 25. f5 b4 26. Qd4+ f6 27. Qxb4 Rc8 28. Rc1 Qb6 29. Qa4 Qe3 30. Qd7 Rxc3 31. Qxe7+ Kg8 32.
Qe8+ Kg7 33. Qxg6+ Kf8 34. Qxf6+ Ke8 35. Rxc3 Qe1+ 36.
Kb2 Qe2+ 37. Rc2 Qg4 38. Rc8+ Kd7 39. Qd8# 1-0

[Event "*** Titled Tuesday Blitz"]
[Site "Chess.com"]
[Date "2020.04.28"]
[Round "5"]
[White "mbachez"]
[Black "VitaliyBernadskiy"]
[Result "0-1"]
[WhiteElo "2501"]
[BlackElo "2712"]
[TimeControl "180+1"]
[EndTime "10:55:33 PDT"]
[Termination "VitaliyBernadskiy won on time"]

1. e4 c5 2. Nf3 Nc6 3. Bb5 g6 4.
c3 Nf6 5. Qe2 Bg7 6. O-O O-O 7.
d4 d5 8. e5 Ne4 9. h3 Qb6 10.
Rd1 cxd4 11. cxd4 Bf5 12. Be3 Rac8 13. Ba4 Na5 14. Na3 Qb4 15. Bb5 Nc3 16. bxc3 Qxa3 17. Bd2 Nc4 18. Bxc4 dxc4 19. g4 Bd3 20. Qe3 Bc2 21.
Rdc1 Ba4 22. d5 Qc5 23. Qxc5 Rxc5 24. d6 exd6 25. exd6 Rd5 26. Bf4 Re8 27. Rab1 Bc6 28. Nd2 g5 29. Be3 Rxe3 30. fxe3 Rxd2 31. Rd1 Rg2+ 32.
Kf1 Rh2 33. d7 Bxd7 34. Kg1 Rxh3 35. Rxd7 b6 36. Rd8+ Bf8 0-1

[Event "*** Titled Tuesday Blitz"]
[Site "Chess.com"]
[Date "2020.04.28"]
[Round "5"]
[White "claudyna16"]
[Black "BvsN"]
[Result "0-1"]
[WhiteElo "2521"]
[BlackElo "2383"]
[TimeControl "180+1"]
[EndTime "10:55:33 PDT"]
[Termination "BvsN won by checkmate"]

1. c4 e5 2. g3 c6 3. Bg2 d5 4.
cxd5 cxd5 5. Nc3 d4 6. Nd5 Be6 7. Qb3 Qd7 8. e4 Nc6 9. Ne2 Nf6 10. d3 Bb4+ 11. Kf1 Be7 12. h3 O-O 13. f4 Bd6 14. Nxf6+ gxf6 15. Qd1 f5 16. fxe5 Bxe5 17. Bh6 Rfe8 18.
Qd2 Kh8 19. Kg1 Rg8 20. Kh2 Bg7 21. Bxg7+ Rxg7 22. Rhf1 Rag8 23. exf5 Bxf5 24. g4 Bxg4 25. hxg4 Rxg4 26. Rf2 Rh4+ 27. Kg1 Qh3 28. Kf1 Qh2 29. Ng1 Qg3 30. Re1 f6 31. Re4 Ne5 32. Rxh4 Qxh4 33. Qf4 Ng4 34. Nh3 Nh2+ 35. Qxh2 Qh5 36. Qf4 Qd1# 0-1

[Event "*** Titled Tuesday Blitz"]
[Site "Chess.com"]
[Date "2020.04.28"]
[Round "5"]
[White "GamayevOleg"]
[Black "mattcolins2025"]
[Result "1-0"]
[WhiteElo "2506"]
[BlackElo "2298"]
[TimeControl "180+1"]
[EndTime "10:55:33 PDT"]
[Termination "GamayevOleg won by resignation"]

1. d3 d5 2. e4 dxe4 3. dxe4 Qxd1+ 4. Kxd1 e5 5. Nf3 Bd6 6. Nfd2 Nc6 7. f3 Be6 8. c3 Nge7 9. Kc2 O-O-O 10. a4 a5 11. Bc4 Bxc4 12. Nxc4 Bc5 13. Bg5 f6 14. Bc1 Bb6 15. Nbd2 h5 16. Nb3 h4 17. h3 Ng6 18.
Bd2 Nf4 19. Bxf4 exf4 20. Rad1 Rxd1 21. Rxd1 Rd8 22. Rxd8+ Kxd8 23. Kd3 Ke7 24. Nc1 Ke6 25. Ne2 g5 26. b3 Ne5+ 27. Nxe5 fxe5 28. Kc4 c6 29.
Nc1 Bd8 30. Nd3 b6 31. b4 Kd6 32. bxa5 bxa5 33. Nc5 Bb6 34. Nb3 Bd8 35. Kd3 Bb6 36. Nd2 Bc7 37. Kc2 Kc5 38. Kb3 Bb8 39. Nb1 Bc7 40.
Na3 Bb8 41. Kb2 Bc7 42. Kc2 Bb8 43. Kd3 Kb6 44. Nc4+ Ka6 45. Kc2 Bc7 46. Nb2 Kb6 47. Nd3 Bd6 48. Kb3 Ka6 49. Nb2 Bb8 50.
Kc4 Kb6 51. Nd3 Bd6 52. Nc1 Bb8 53. Nb3 Bc7 54. Nd2 Bd6 55. Nf1 Bb8 56. Nh2 Bd6 57.
Ng4 Bc7 58. Nf6 Bd6 59. Ne8 Be7 60. Ng7 Bd6 61. Ne6 Be7 62. Ng7 Bf6 63. Nf5 Bd8 64. Kd3 Bf6 65. Nd6 Bd8 66. Nc4+ Kc5 67. Nxe5 Be7 68.
Nc4 Bd8 69. Nd2 Be7 70. Nb3+ Kb6 71. Kc4 Bf6 72. Nc1 Bh8 73. Nd3 Bf6 74. Nc5 Be7 75. Ne6 Bf6 76. e5 Be7 77. Nd4 Kc7 78. Nf5 Bf8 79. Kd4 Kd7 80. Ke4 Kc7 81. e6 Ba3 82. c4 Bb4 83. Ke5 Bc3+ 84. Ke4 Bb4 85. Nh6 Kd6 86. Kf5 Be1 87. Nf7+ Ke7 88. Nxg5 Bg3 89.
Ne4 Be1 1-0

[Event "*** Titled Tuesday Blitz"]
[Site "Chess.com"]
[Date "2020.04.28"]
[Round "5"]
[White "adriangschnitzer"]
[Black "Grootneus"]
[Result "1-0"]
[WhiteElo "2409"]
[BlackElo "2187"]
[TimeControl "180+1"]
[EndTime "10:55:34 PDT"]
[Termination "adriangschnitzer won by checkmate"]

1. c4 c5 2. Nf3 Nf6 3. Nc3 Nc6 4. d4 cxd4 5. Nxd4 e6 6. g3 Qb6 7. Ndb5 Ne5 8. Bf4 d6 9. c5 Qxc5 10. Bg2 Nfg4 11. O-O a6 12. h3 axb5 13. hxg4 Be7 14. Be3 Qb4 15. a3 Qxb2 16. Bd4 Qb3 17. Qxb3 O-O 18.
Bxe5 dxe5 19. Nxb5 Bd7 20. Rfd1 Bc6 21. Bxc6 bxc6 22.
Nc3 Rfb8 23. Qc4 h6 24. Qxc6 Rd8 25. Rxd8+ Rxd8 26. Rd1 Rxd1+ 27. Nxd1 Bxa3 28. Qa8+ Kh7 29. Qxa3 f6 30. Qe7 h5 31. Qxe6 h4 32. g5 fxg5 33. Qxe5 h3 34. g4 Kh6 35. Kh2 Kg6 36. Kxh3 Kh6 37.
Ne3 Kg6 38. Qf5+ Kh6 39. Nd5 g6 40. Qf8+ Kh7 41. Nf6# 1-0

[Event "*** Titled Tuesday Blitz"]
[Site "Chess.com"]
[Date "2020.04.28"]
[Round "5"]
[White "Ave_Mariia"]
[Black "Grandmaster2B"]
[Result "1-0"]
[WhiteElo "2297"]
[BlackElo "2480"]
[TimeControl "180+1"]
[EndTime "10:55:35 PDT"]
[Termination "Ave_Mariia won on time"]

1. d4 Nf6 2. c4 e6 3. g3 Bb4+ 4. Bd2 Qe7 5. Nf3 O-O 6. Nc3 d6 7. Bg2 e5 8. O-O c6 9. a3 Ba5 10. Nd5 cxd5 11. Bxa5 Nc6 12. Bc3 dxc4 13. d5 Nd8 14.
Rc1 b5 15. Nxe5 Bb7 16. Nc6 Bxc6 17. dxc6 Rc8 18. Bb4 Ne8 19. Qd5 Nxc6 20. Qxb5 Nd4 21. Qa6 Nc7 22. Qxd6 Nxe2+ 23. Kh1 Qxd6 24. Bxd6 Nxc1 25.
Bxf8 Kxf8 26. Rxc1 Nb5 27. Bf1 Nd6 28. Kg2 a5 29.
Kf3 a4 30. Ke3 Rb8 31. Bxc4 Rxb2 32. Bd5 Nb5 33. Rc8+ Ke7 34. Rb8 f6 35. Bc4 Nxa3 36. Rc8 1-0

[Event "*** Titled Tuesday Blitz"]
[Site "Chess.com"]
[Date "2020.04.28"]
[Round "5"]
[White "XiaoKangZhong"]
[Black "Karina_Ivanova"]
[Result "1-0"]
[WhiteElo "2365"]
[BlackElo "2206"]
[TimeControl "180+1"]
[EndTime "10:55:36 PDT"]
[Termination "XiaoKangZhong won by resignation"]

1. e4 c6 2. d4 d5 3. e5 Bf5 4. h4 h5 5. Bd3 Bxd3 6. Qxd3 e6 7. Nf3 Ne7 8. O-O Ng6 9. g3 Nd7 10. Be3 c5 11. c4 cxd4 12. Bxd4 dxc4 13. Qxc4 Rc8 14. Qa4 a6 15. Nc3 Bc5 16. Bxc5 Rxc5 17. Rad1 Rc7 18. Rd6 Nf8 19. Rfd1 Qc8 20. Nd2 b5 21. Qd4 Ng6 22. Nde4 Ngxe5 23. Rxe6+ fxe6 24. Nd6+ Kd8 25. Qf4 Qa8 26. Qg5+ Nf6 27. Qxe5 Rd7 28. Qxe6 Qc6 29. Nf7+ Kc7 30. Qe5+ Kb7 31. Rxd7+ Nxd7 32. Qe7 Rc8 33. Ne5 Qc7 34. Nxd7 Rd8 35. Nc5+ Kc6 36. Qxc7+ Kxc7 37. Ne6+ 1-0

[Event "*** Titled Tuesday Blitz"]
[Site "Chess.com"]
[Date "2020.04.28"]
[Round "5"]
[White "Batica1984"]
[Black "francyIM"]
[Result "1-0"]
[WhiteElo "2815"]
[BlackElo "2716"]
[TimeControl "180+1"]
[EndTime "10:55:37 PDT"]
[Termination "Batica1984 won by resignation"]

1. e4 e5 2. Nf3 Nc6 3. Bb5 a6 4. Ba4 Nf6 5. O-O Be7 6. Re1 b5 7. Bb3 d6 8. c3 O-O 9. d4 Bg4 10. d5 Na5 11. Bc2 c6 12. h3 Bxf3 13.
Qxf3 cxd5 14. exd5 Nd7 15. Nd2 g6 16. b4 Nb7 17. a4 f5 18. axb5 axb5 19. Rxa8 Qxa8 20.
Qe2 Rc8 21. Qxb5 Nf6 22. c4 Nd8 23. Bb2 Nxd5 24. Ra1 Qb7 25. Qxb7 Nxb7 26. Ra7 Rc7 27. b5 Nb6 28. c5 dxc5 29. Bxe5 Rd7 30. Bb3+ Kf8 31.
Nc4 Nxc4 32. Bxc4 Rd1+ 33. Kh2 Bd6 34. f4 Bxe5 35. fxe5 Nd8 36. e6 Re1 37. b6 Ke8 38. b7 Rb1 39. Bd5 c4 40. Ra8 c3 41. b8=Q Rxb8 42.
Rxb8 c2 1-0

[Event "*** Titled Tuesday Blitz"]
[Site "Chess.com"]
[Date "2020.04.28"]
[Round "5"]
[White "relaxx87"]
[Black "annacramling"]
[Result "1-0"]
[WhiteElo "2691"]
[BlackElo "1939"]
[TimeControl "180+1"]
[EndTime "10:55:37 PDT"]
[Termination "relaxx87 won by resignation"]

1. e4 c5 2. Nf3 a6 3. c3 d5 4. exd5 Qxd5 5. d4 Nf6 6. Be2 Nc6 7. O-O e6 8. Na3 cxd4 9. Nc4 Qd8 10. cxd4 Be7 11.
Nce5 O-O 12. Nxc6 bxc6 13. Qc2 Bb7 14. Be3 Rc8 15. Rfd1 Nd5 16. Rac1 Qb6 17. Ne5 Rfd8 18. Bd3 g6 19. Nc4 Qc7 20. Bd2 Nb4 21. Bxb4 Bxb4 22.
Be4 Be7 23. a3 Bf6 24. Ne5 Bxe5 25. dxe5 Qxe5 26. Bf3 Qc7 27. b4 Rxd1+ 28. Qxd1 Rd8 29. Qe2 Qb6 30. h4 a5 31. bxa5 Qxa5 32. Qb2 Qb5 33. Qxb5 cxb5 34. Bxb7 Rd7 35. Bc6 Rd3 36. Ra1 Rd4 37.
Bxb5 Rxh4 38. a4 Rd4 39. a5 Rd8 40. a6 Ra8 41. a7 Kg7 42. Bc6 1-0

[Event "*** Titled Tuesday Blitz"]
[Site "Chess.com"]
[Date "2020.04.28"]
[Round "5"]
[White "axvesik"]
[Black "tan275"]
[Result "1-0"]
[WhiteElo "2473"]
[BlackElo "2187"]
[TimeControl "180+1"]
[EndTime "10:55:38 PDT"]
[Termination "axvesik won by checkmate"]

1. e4 c6 2. d4 d5 3. Nc3 dxe4 4. Nxe4 Bf5 5. Ng3 Bg6 6. h4 h6 7.
Nf3 e6 8. Ne5 Bh7 9. Bd3 Bxd3 10.
Qxd3 Nf6 11. Be3 Be7 12. O-O-O O-O 13. Kb1 Nbd7 14. f4 c5 15. dxc5 Nxc5 16. Qc4 Qa5 17. a3 Na4 18. Qb3 Rac8 19. Nd7 Nxd7 20. Rxd7 Bf6 21.
Ne4 Bxb2 22. Rxb7 Bxa3 23. Rxa7 Qf5 24. Qxa3 Qxe4 25. Rxa4 Rb8+ 26. Kc1 Qxg2 27. Rg1 Qe2 28. Bd4 f6 29. Qg3 g5 30. hxg5 hxg5 31. fxg5 f5 32.
Ra7 e5 33. Qxe5 Qxe5 34. Bxe5 Rbc8 35. Rg7+ Kh8 36. Rh1# 1-0

[Event "*** Titled Tuesday Blitz"]
[Site "Chess.com"]
[Date "2020.04.28"]
[Round "5"]
[White "Bigfish1995"]
[Black "Chepaschess"]
[Result "1/2-1/2"]
[WhiteElo "3079"]
[BlackElo "2646"]
[TimeControl "180+1"]
[EndTime "10:55:39 PDT"]
[Termination "Game drawn by repetition"]

1. d4 Nf6 2. c4 g6 3. Nc3 d5 4. Bf4 Bg7 5. e3 c5 6. dxc5 Qa5 7. Rc1 dxc4 8. Bxc4 O-O 9. Ne2 Qxc5 10. Bb3 Qa5 11. O-O Nc6 12. Nd4 Bd7 13. Nf3 Rac8 14. h3 Rfd8 15.
Qe2 Be8 16. e4 Nh5 17. Be3 e6 18. Rfd1 Rxd1+ 19. Rxd1 Rd8 20. Rc1 Qc7 21. Nb5 Qb8 22. Bg5 Rd7 23. g4 h6 24. gxh5 hxg5 25. hxg6 Qf4 26.
Rc5 a6 27. Nc3 Nd4 28. Nxd4 Bxd4 29. Rc8 Qg3+ 30. Kf1 Qxh3+ 31. Ke1 Qh1+ 32. Qf1 Bxc3+ 33. bxc3 Qxe4+ 34. Qe2 Qh1+ 35. Qf1 Qe4+ 36. Qe2 Qh1+ 37. Qf1 Qe4+ 1/2-1/2